 Dungeon Crawl Stone Soup version 0.30.1-10-g1249ef9ec4 (webtiles) character file.

Game seed: 1045041297426024010

44 Woods the Conjurer (level 3, 0/19 HPs)
             Began as a Deep Elf Conjurer on Oct 26, 2023.
             Slain by an orc
             ... wielding a +0 whip
              (6 damage)
             ... on level 2 of the Dungeon.
             The game lasted 00:02:57 (1974 turns).

Woods the Conjurer (Deep Elf Conjurer)              Turns: 1974, Time: 00:02:57

Health: 0/19       AC:  2    Str:  4    XL:     3   Next: 39%
Magic:  6/10       EV: 13    Int: 24    God:
Gold:   60         SH:  0    Dex: 19    Spells: 3/9 levels left

rFire   + . .        j - staff of fire
rCold   . . .        (no shield)
rNeg    . . .        a - +0 robe
rPois   .            (no helmet)
rElec   .            (no cloak)
rCorr   .            (no gloves)
SInv    .            (no boots)
Will    .....        (no amulet)
Stlth   +++          e - +6 ring of dexterity
HPRegen 0.23/turn    (no ring)
MPRegen 0.12/turn

%: no passive effects
@: no status effects
A: no striking features
a: no special abilities


You were on level 2 of the Dungeon.
You visited 1 branch of the dungeon, and saw 3 of its levels.

You collected 60 gold pieces.

Inventory:

Armour
 a - a +0 robe (worn)
Magical Staves
 j - a staff of fire (weapon)
Jewellery
 e - a +6 ring of dexterity (left hand)
Scrolls
 c - a scroll of fog {unknown}
 d - a scroll of enchant armour {unknown}
 f - 2 scrolls of teleportation {unknown}
 g - a scroll of blinking {unknown}
 h - a scroll of enchant weapon {unknown}
 i - a scroll of fear {unknown}
 k - a scroll of identify {unknown}
Potions
 b - a potion of magic
 l - a potion of flight {unknown}


   Skills:
 + Level 3.1 Dodging
 + Level 3.2 Stealth
 + Level 3.6 Spellcasting
 + Level 4.8 Conjurations


You had 3 spell levels left.
You knew the following spells:

 Your Spells              Type           Power      Damage    Failure   Level
a - Magic Dart            Conj           100%       1d8       1%          1
b - Searing Ray           Conj           54%        2d6       2%          2
c - Dazzling Flash        Conj/Hex       30%        N/A       12%         3

Your spell library contained the following spells:

 Spells                   Type           Power      Damage    Failure   Level
 Fulminant Prism          Conj/Hex       7%         3d7       36%         4
 Iskenderun's Mystic Bla  Conj/Tloc      15%        2d5       36%         4


Dungeon Overview and Level Annotations

Branches:
Dungeon (3/15)

Altars:

Shops:
D:1 [   D:2 =


Message History

There is an open door here.
There is an open door here.
Done exploring.
Done exploring.
Done exploring.
Done exploring.
There is a stone staircase leading down here.
You climb downwards.
The ball python hisses angrily.
The orc shouts! x3
The endoplasm quivers.
There is a stone staircase leading up here.
The ball python bites you but does no damage.
The ball python closely misses you. The orc hits you with a +0 club.
The orc closely misses you.
You climb upwards.
There is a stone staircase leading down here.
Unknown command.
Aiming: Magic Dart (safe; 1% risk of failure)
Press: ? - help, Q - select action, (/) - cycle Shift-Dir - straight line, f - ball python
Aim: a ball python (100% to hit)
The magic dart hits the ball python.
You kill the ball python!
The orc barely misses you. The orc hits you with a +0 club.
The orc hits you with a +0 club.
You see here a ball python corpse.
The orc attacks as you move away! The orc hits you with a +0 whip.
* * * LOW HITPOINT WARNING * * *
Casting: Magic Dart (safe; 1% risk of failure)
Confirm with . or Enter, or press ? or * to list all spells.
Aiming: Searing Ray (safe; 2% risk of failure)
Press: ? - help, Shift-Dir - straight line, f - orc
Aim: an orc, wielding a +0 whip (79% to hit)
The searing ray misses the orc.
The searing ray hits the orc!
You kill the orc! (Press . to maintain the ray.)
The orc barely misses you.
The searing ray hits the orc.
The orc is heavily wounded.
The orc hits you with a +0 whip.
You die...

.########.#....#######.....#
...............# ###+#####
...............# #....#
#..............# #....#
#...........#+## ##....#
#...........#.# ###.....#
#...........#.# #.......#
#...........#.###.####'##
#...........#.)o@.#
#.##########
#............>#####
#........... #...........###
############ #...........#
####'######.# .....# #.#
###### #.# # #.# # #.#


You could see an orc.

Vanquished Creatures
  2 dart slugs (D:1)
  An orc (D:2)
  5 endoplasms
  2 giant cockroaches
  A goblin (D:1)
  2 hobgoblins
  3 jackals (D:1)
  A quokka (D:1)
  6 ball pythons
  2 bats
  A frilled lizard (D:1)
  5 kobolds
  6 rats
37 creatures vanquished.

Notes
Turn   | Place    | Note
-------+----------+-------------------------------------------
     0 | D:1      | Woods the Deep Elf Conjurer began the quest for the Orb.
     0 | D:1      | Reached XP level 1. HP: 10/10 MP: 6/6
   139 | D:1      | Reached XP level 2. HP: 10/15 MP: 1/8
   248 | D:1      | Learned a level 2 spell: Searing Ray
   441 | D:1      | Found Boina's Antique Armour Boutique.
   705 | D:1      | Reached XP level 3. HP: 19/19 MP: 7/10
  1046 | D:2      | Found Visicim's Jewellery Shop.
  1141 | D:2      | Learned a level 3 spell: Dazzling Flash
  1974 | D:2      | Slain by an orc

Illustrated notes

Levels and vault maps discovered:
D:1:      dpeg_arrival_refuge, layout_loops_ring, serial_shops, shop
D:2:      layout_basic, serial_shops, shop
D:3:      layout_basic, nicolae_dithmenos_the_darkroom

Skill      XL: |  1  2  3 |
---------------+----------+-----
Stealth        | 3 |  3.2
Dodging        | 3 |  3.1
Spellcasting   | |  3.6
Conjurations   | |  4.8

Action                     || total
---------------------------++-------
  Melee: Unarmed           ||     6
   Cast: Magic Dart        ||    54
         Searing Ray       ||     3
 Armour: Robe              ||     2
  Dodge: Dodged            ||    12
